 Dungeon Crawl Stone Soup version 0.30-a0-696-g2367cd04db (webtiles) character file.

Game seed: 4086517584240678058

777 vineage the Trooper (level 7, -8/72 HPs)
             Began as a Gargoyle Fighter on Jan 20, 2023.
             Mangled by Edmund
             ... wielding a +2 dire flail of distortion
              (19 damage)
             ... on level 4 of the Dungeon.
             The game lasted 00:04:31 (3736 turns).

vineage the Trooper (Gargoyle Fighter)              Turns: 3736, Time: 00:04:31

Health: -8/72      AC: 24    Str: 21    XL:     7   Next: 84%
Magic:  0/7        EV:  9    Int: 12    God:
Gold:   210        SH:  4    Dex:  9    Spells: 6/6 levels left

rFire   + . .      SeeInvis .    a - +0 flail (protect)
rCold   . . .      Faith    .    c - +0 buckler
rNeg    + . .      Spirit   +    b - +0 scale mail
rPois   ∞          Reflect  .    o - +1 helmet {Int+3}
rElec   +          Harm     .    (no cloak)
rCorr   .          Rampage  .    r - +1 pair of gloves
Will    .....                    t - +0 pair of boots Stlth
                                 e - amulet of guardian spirit
HPRegen 0.32/turn                l - ring of protection from fire
MPRegen 0.10/turn                (no ring)

@: berserking (expiring), under a protective aura, very quick
A: sickness immunity, AC +4, negative energy resistance 1, electricity
resistance, torment resistance 1, petrification resistance
a: no special abilities


You were on level 4 of the Dungeon.
You visited 1 branch of the dungeon, and saw 4 of its levels.

You collected 210 gold pieces.

Inventory:

Hand Weapons
 a - a +0 flail of protection (weapon)
Armour
 b - a +0 scale mail (worn)
 c - a +0 buckler (worn)
 i - +0 pearl dragon scales
 o - a +1 helmet of intelligence (worn)
 r - a +1 pair of gloves (worn)
 t - a +0 pair of boots (worn)
Jewellery
 e - an amulet of guardian spirit (around neck)
 l - a ring of protection from fire (left hand)
Wands
 s - a wand of mindburst (5)
Scrolls
 d - a scroll of brand weapon
 g - a scroll of blinking
 h - a scroll of vulnerability
 k - a scroll of amnesia
 u - a scroll of enchant weapon {unknown}
 x - a scroll of immolation {unknown}
Potions
 m - a potion of mutation
 n - 3 potions of brilliance
 v - a potion of resistance {unknown}
 w - a potion of heal wounds {unknown}
 z - a potion of haste {unknown}


   Skills:
 + Level 7.9 Fighting
 + Level 3.5 Maces & Flails
 + Level 4.7 Armour
 + Level 4.7 Shields


You had 6 spell levels left.
You didn't know any spells.
Your spell library contained the following spells:

 Spells                   Type           Power      Damage    Failure   Level
 Magic Dart               Conj           0%         1d3       75%         1
 Call Imp                 Summ           0%         N/A       86%         2
 Lesser Beckoning         Tloc           0%         N/A       86%         2
 Gell's Gravitas          Tloc           0%         N/A       98%         3
 Mephitic Cloud           Conj/Pois/Air  0%         N/A       98%         3
 Teleport Other           Tloc           0%         N/A       98%         3
 Summon Forest            Summ/Tloc      0%         N/A       100%        5
 Summon Mana Viper        Hex/Summ       0%         N/A       100%        5
 Summon Cactus Giant      Summ           0%         N/A       100%        6


Dungeon Overview and Level Annotations

Branches:
Dungeon (4/15)
 Temple: D:4-7

Altars:

Annotations:
D:4 Edmund


Innate Abilities, Weirdness & Mutations

You are immune to sickness and miasma.
Your stone body is resilient. (AC +4)
You are immune to poison.
You resist negative energy. (rN+)
You are resistant to electric shocks. (rElec)
You are resistant to unholy torment.
You are immune to petrification.


Message History

As you read the scroll of identify, it crumbles to dust.
q - a potion of berserk rage Edmund says, "Everyone always remembers my brother. 'Who's Edmund?' they ask!"
A red film seems to cover your vision as you go berserk!
You feel yourself moving faster!
You feel mighty!
You hit Edmund.
Your weapon exudes an aura of protection.
Edmund is lightly wounded.
You hit Edmund.
Edmund is moderately wounded.
Edmund says, "Maybe I'll buy a title.
How does Count Edmund sound?"
Edmund closely misses you.
You hit Edmund.
Edmund is heavily wounded.
Edmund hits you but does no damage. Space warps around you!
* * * LOW HITPOINT WARNING * * *
You thump Edmund!
Edmund is severely wounded.
Edmund hits you but does no damage. Space warps around you.
* * * LOW HITPOINT WARNING * * *
You hit Edmund but do no damage.
Edmund is severely wounded.
Edmund hits you with a +2 dire flail of distortion.
Space warps around you.
* * * LOW HITPOINT WARNING * * *
You barely miss Edmund.
Edmund is severely wounded.
Edmund barely misses you.
You hit Edmund.
Edmund is severely wounded.
Edmund misses you.
You sock Edmund!
Edmund is almost dead.
Edmund completely misses you.
You hit Edmund.
Edmund is almost dead.
Edmund hits you with a +2 dire flail of distortion!
* * * LOW HITPOINT WARNING * * *
Space warps horribly around you!!
You die...

# #......# #....# #.# #
#......####....#.##.#### #
#.........#....#.......#
#####....#.....###.####.##.#
.........'.........## #.##.#
#.(......##...###...###.##.#
'........##...####....#.##.#
#........##...##........##.##
#.............##@....#>.....#
'.............##.@...########
#...........######'###
............# #.#
###......### #.# #......# #.#
#.###### #.# #.# #.# #.# #.#


You could see Edmund.

Vanquished Creatures
  A black bear (D:4)
  4 ogres
  3 iguanas
  Natasha (thrice) (D:2)
  9 adders
  5 worms
  4 dart slugs
  6 orcs
  5 ball pythons
  6 bats
  7 endoplasms
  4 giant cockroaches
  4 goblins
  6 hobgoblins
  4 jackals (D:4)
  7 quokkas
  6 frilled lizards
  7 kobolds
  6 rats
97 creatures vanquished.

Notes
Turn   | Place    | Note
-------+----------+-------------------------------------------
     0 | D:1      | vineage the Gargoyle Fighter began the quest for the Orb.
     0 | D:1      | Reached XP level 1. HP: 14/14 MP: 1/1
   250 | D:1      | Reached XP level 2. HP: 12/20 MP: 2/2
   314 | D:1      | Reached skill level 4 in Fighting
  1028 | D:2      | Reached XP level 3. HP: 24/24 MP: 3/3
  1030 | D:2      | Noticed Natasha
  1039 | D:2      | Killed Natasha
  1040 | D:2      | Reached skill level 5 in Fighting
  1256 | D:2      | Reached XP level 4. HP: 31/31 MP: 4/4
  1292 | D:2      | Noticed Natasha
  1303 | D:2      | Killed Natasha
  1557 | D:2      | Reached skill level 6 in Fighting
  1655 | D:2      | Found a faded altar of an unknown god.
  1661 | D:2      | Reached XP level 5. HP: 32/36 MP: 5/5
  1811 | D:2      | Noticed Natasha
  1821 | D:2      | Killed Natasha
  2429 | D:3      | Reached skill level 7 in Fighting
  2429 | D:3      | Reached XP level 6. HP: 44/44 MP: 6/6
  2776 | D:4      | Reached XP level 7. HP: 11/48 MP: 2/7
  3716 | D:4      | Noticed Edmund
  3736 | D:4      | Mangled by Edmund

Illustrated notes

Levels and vault maps discovered:
D:1:      minmay_arrival_split_and_join, layout_basic, serial_bayou_lagoon_a
D:2:      layout_basic, dilly_ecumenical_altar_fadedgnrine,
          chequers_serial_rivers_small_3, uniq_natasha
D:3:      layout_basic
D:4:      layout_basic, st_stairs_14, uniq_edmund

Skill      XL: |  1  2  3  4  5  6  7 |
---------------+----------------------+-----
Fighting       | 4 5 6 7 |  7.9
Armour         | 4 |  4.7
Shields        | 4 |  4.7
Maces & Flails | 3 |  3.5

Action                   |  1- 3 |  4- 6 |  7- 9 || total
-------------------------+-------+-------+-------++-------
Melee: Flail             |   109 |   228 |    84 ||   421
  Use: Potion            |     2 |     1 |     3 ||     6
       Scroll            |       |     8 |     2 ||    10
Armor: Scale mail        |    58 |   106 |    81 ||   245
       Pearl dragon scal |       |    58 |       ||    58
Dodge: Dodged            |    49 |   129 |    72 ||   250
Block: Buckler           |    19 |    64 |    26 ||   109

Table legend: (Time is in decaauts)
 A = Elapsed time spent in this place.
 B = Non-inter-level travel time spent in this place.
 C = Inter-level travel time spent in this place.
 D = Time resting spent in this place.
 E = Time spent auto-exploring this place.
 F = Levels seen in this place.
 G = Mean time per level.
                   A        B        C        D        E       F      G
               +--------+--------+--------+--------+--------+-----+--------+
         Total |   3899 |   3748 |    151 |    286 |   2539 |   4 |  974.8 |
       Dungeon |   3899 |   3748 |    151 |    286 |   2539 |   4 |  974.8 |
               +--------+--------+--------+--------+--------+-----+--------+

Top non-repeatable levels by time:
     D:1: 1146 daAuts
     D:4: 1101 daAuts
     D:3: 853 daAuts
     D:2: 797 daAuts
